 Dungeon Crawl Stone Soup version 0.27.1-3-gb3d3a73c9e (webtiles) character file.

Game seed: 6505260161303986642

4741 belegose the Protected (level 10, -10/67 (70) HPs)
             Began as a Merfolk Abyssal Knight on Oct 22, 2021.
             Was an Elder of Lugonu.
             Mangled by Maggie (15 damage)
             ... on level 7 of the Dungeon.
             The game lasted 00:28:12 (11066 turns).

belegose the Protected (Merfolk Abyssal Knight)    Turns: 11066, Time: 00:28:12

HP:   -10/67 (70)   AC:  9    Str: 14 (15) XL:     10   Next: 46%
MP:   13/15         EV: 11    Int: 12 (13) God:    Lugonu [****..]
Gold: 368           SH:  0    Dex: 10 (13) Spells: 9/9 levels left

rFire    . . .     SeeInvis .   b - +2 dagger (elec)
rCold    . . .     Faith    .   (no shield)
rNeg     . . .     Spirit   .   g - +0 ring mail
rPois    +         Reflect  .   j - +0 helmet
rElec    .         Harm     .   J - +0 cloak
rCorr    .         Rampage  .   (no gloves)
Will     .....                  (no boots)
Stlth    ++........             (no amulet)
HPRegen  0.21/turn              y - ring of poison resistance
MPRegen  0.14/turn              (no ring)

@: lightly drained
A: (nimble swimmer 2), mertail
a: Renounce Religion, Depart the Abyss, Bend Space, Banish, Corrupt


You were on level 7 of the Dungeon.
You worshipped Lugonu.
Lugonu was greatly pleased with you.
You visited 1 branch of the dungeon, and saw 7 of its levels.
You visited the Abyss 1 time.

You collected 368 gold pieces.

Inventory:

Hand Weapons
 a - a +1 short sword of venom
 b - a +2 dagger of electrocution (weapon)
 t - the +2 rapier "Lohybos" {drain, rC++ Str+4 Stlth-}
   (You found it on level 6 of the Dungeon)

   A truly terrible weapon, it drains the life of any living foe it strikes.
   Str:       It affects your strength (+4).
   rC:        It greatly protects you from cold.
   Stlth:     It makes you less stealthy.
 K - a +1 falchion
Missiles
 c - 30 poisoned darts (quivered)
 d - 339 stones
 r - 3 atropa-tipped darts
Armour
 g - a +0 ring mail (worn)
 j - a +0 helmet (worn)
 J - a +0 cloak (worn)
Jewellery
 p - an amulet of the acrobat
 y - a ring of poison resistance (left hand)
 G - a ring of wizardry
Wands
 l - a wand of flame (19)
 x - a wand of digging (7)
 H - a wand of polymorph (3)
Scrolls
 e - 2 scrolls of acquirement {unknown}
 f - 3 scrolls of identify {unknown}
 i - 3 scrolls of fog {unknown}
 m - a scroll of summoning {unknown}
 n - a scroll of teleportation {unknown}
 q - 3 scrolls of enchant weapon {unknown}
 s - a scroll of vulnerability {unknown}
 u - 2 scrolls of fear {unknown}
 w - 2 scrolls of brand weapon {unknown}
 B - a scroll of blinking {unknown}
 F - a scroll of amnesia {unknown}
Potions
 h - a potion of haste {unknown}
 k - 2 potions of resistance
 o - a potion of mutation {unknown}
 v - a potion of invisibility
 z - a potion of ambrosia
 A - 3 potions of curing {unknown}
 C - a potion of experience
 D - 2 potions of degeneration
 E - 2 potions of attraction {unknown}
 I - a potion of cancellation


   Skills:
 - Level 3.6 Fighting
 + Level 4.9(5.5) Short Blades
 - Level 3.5(4.6) Long Blades
 + Level 5.6 Throwing
 - Level 9.3 Armour
 - Level 3.0 Dodging
 - Level 4.0 Stealth
 + Level 6.7 Invocations
 + Level 5.0 Evocations


You had 9 spell levels left.
You didn't know any spells.
Your spell library contained the following spells:

 Spells                   Type           Power      Damage    Failure   Level
 Corpse Rot               Necr/Air       N/A        N/A       65%         2
 Poisonous Vapours        Pois/Air       0%         N/A       65%         2
 Gell's Gravitas          Tloc           0%         N/A       87%         3
 Lesser Beckoning         Tloc           0%         N/A       87%         3
 Teleport Other           Tloc           0%         N/A       87%         3
 Freezing Cloud           Conj/Ice/Air   0%         6-21      100%        5
 Summon Forest            Summ/Tloc      0%         N/A       100%        5
 Summon Mana Viper        Hex/Summ       0%         N/A       100%        5
 Dispersal                Tloc           0%         N/A       100%        6
 Shadow Creatures         Summ           N/A        N/A       100%        6


Dungeon Overview and Level Annotations

Branches:
Dungeon (7/15)             Temple (0/1) D:7

Altars:
Hepliaklqana
Sif Muna
Xom

Annotations:
D:3 Grinder
D:5 exclusion: door, Blork the orc
D:6 3 runed translucent doors, exclusion: 3 doors, Yaksher's ghost, novice TrBe
D:7 Maggie


Innate Abilities, Weirdness & Mutations

((You are quick and stealthy near water. (Stealth+, EV+, Speed+++)))
Your lower body shifts to a powerful aquatic tail in water.


Message History

You feel protected. The wight closely misses you.
It was a potion of invisibility.
You fade into invisibility!
The wight hits you with a +4 dagger.
You feel drained. The wight barely misses you.
You are very lightly contaminated with residual magic.
You hit the wight but do no damage. Lightning courses through the wight!
You destroy the wight!
Lugonu accepts your kill.
You hit the wight. Lightning courses through the wight!
You destroy the wight!
Lugonu accepts your kill.
Maggie practices a pose.
Maggie casts a spell at you. The bolt of fire misses you.
Maggie gestures at something while chanting.
Things that are here:
a +4 dagger; a +0 robe Maggie closely misses you.
You hit Maggie but do no damage. Maggie casts a spell at you.
The bolt of fire hits you! You resist.
* * * LOW HITPOINT WARNING * * *
Okay, then.
It was a potion of cancellation.
Your magical effects are unravelling.
You feel magically purged.
Your magical contamination has completely faded away.
You flicker back into view.
You break out of your daze.
Your resistance to elements expires.
Maggie misses you.
It was a potion of experience.
You feel more experienced!
Your Armour skill gained 6 levels and is now at level 9!
You have reached level 10!
You feel stronger. Maggie hits you with a +4 war axe!
You die...

..#).....#####...#.....##
.>.......................
...................#..#####
........##.....###........#
........#...)..# #........#
........#......# #........### .
.............### #........... ..
.............#######..####.##...
...............)@@..).)......#'#
..#............)...)#..##..≈≈≈..
#.#.................#..z..≈≈§≈≈.
#..####################..≈≈≈§≈≈≈
#..# ...@≈§≈>≈≈≈ #..#
...#..§≈§≈≈§§( #.##
.......#.≈≈§§≈.. #.#
.#...#....≈≈≈... ).#
........##......


You could see Maggie.

Vanquished Creatures
  Sigmund (D:3)
  Menkaure (D:5)
  A water moccasin (D:6)
  Duvessa (D:6)
  3 black bears
  An ice beast (D:3)
  A necrophage (D:7)
  An ogre (D:5)
  A centaur (D:6)
  A bullfrog (D:7)
  Dowan (D:6)
  3 scorpions
  A water moccasin skeleton (D:5)
  2 wights (D:7)
  A centaur zombie (D:5)
  4 hounds
  A centaur skeleton (D:5)
  A gnoll shaman (D:6)
  An orc priest (D:4)
  Crazy Yiuf (D:6)
  Jessica (D:3)
  4 iguanas
  Natasha (thrice) (D:2)
  5 orc wizards
  A hound zombie (D:5)
  Robin (D:1)
  A howler monkey zombie (D:7)
  8 gnolls
  2 adders (D:4)
  A shadow imp (D:6)
  2 ufetubi
  2 dart slugs
  25 orcs
  11 endoplasms
  3 giant cockroaches (D:2)
  13 goblins
  11 hobgoblins
  2 jackals (D:5)
  4 quokkas
  9 ball pythons
  7 bats
  A frilled lizard (D:1)
  8 kobolds
  10 rats
163 creatures vanquished.

Vanquished Creatures (others)
  A fungus (D:1)
  A plant (D:1)
2 creatures vanquished.

Grand Total: 165 creatures vanquished

Notes
Turn   | Place    | Note
-------+----------+-------------------------------------------
     0 | Abyss:1  | belegose the Merfolk Abyssal Knight began the quest for the
                  | Orb.
     0 | Abyss:1  | Reached XP level 1. HP: 18/18 MP: 2/2
    58 | Abyss:1  | Noticed a wretched star
    60 | D:1      | Escaped the Abyss
   302 | D:1      | Reached XP level 2. HP: 20/24 MP: 3/3
   962 | D:1      | Reached * piety under Lugonu
  1009 | D:1      | Reached skill level 1 in Stealth
  1042 | D:1      | Reached XP level 3. HP: 29/29 MP: 4/4
  1070 | D:1      | Found a faded altar of an unknown god.
  1280 | D:2      | Noticed Natasha
  1408 | D:2      | Noticed Robin
  1541 | D:2      | Found Faaw's Antique Weapon Emporium.
  1586 | D:2      | Reached skill level 1 in Throwing
  1729 | D:1      | Killed Robin
  2010 | D:2      | Reached XP level 4. HP: 36/36 MP: 5/5
  2044 | D:2      | Reached skill level 1 in Armour
  2116 | D:2      | Killed Natasha
  2684 | D:2      | Noticed Natasha
  2690 | D:2      | Killed Natasha
  2691 | D:2      | Reached XP level 5. HP: 30/41 MP: 7/7
  2783 | D:2      | Noticed Natasha
  2802 | D:2      | Killed Natasha
  2985 | D:3      | Noticed Sigmund
  3012 | D:2      | Reached ** piety under Lugonu
  3280 | D:3      | Noticed Grinder
  3421 | D:3      | Noticed Jessica
  3427 | D:3      | Killed Jessica
  3428 | D:3      | Reached XP level 6. HP: 47/47 MP: 8/8
  3482 | D:3      | Noticed an ice beast
  3521 | D:3      | Killed an ice beast
  3817 | D:4      | Reached skill level 1 in Evocations
  3985 | D:4      | Noticed a black bear
  4006 | D:4      | Killed a black bear
  4007 | D:4      | Reached skill level 2 in Armour
  4007 | D:4      | Reached XP level 7. HP: 44/52 MP: 9/9
  4833 | D:4      | Found a shimmering altar of Xom.
  4834 | D:4      | Found a hazy altar of Hepliaklqana.
  4835 | D:4      | Noticed a spectral ugly thing
  6292 | D:3      | Killed Sigmund
  6293 | D:3      | Reached XP level 8. HP: 37/59 MP: 11/11
  6865 | D:5      | Entered Level 5 of the Dungeon
  6874 | D:5      | Reached *** piety under Lugonu
  7066 | D:5      | Identified the +7 hunting sling of Jeizyckej {flame, Contam
                  | rF+++ rN++ Stlth-}
  7098 | D:5      | Reached skill level 1 in Short Blades
  7142 | D:5      | Reached skill level 3 in Armour
  7142 | D:5      | Reached skill level 5 in Invocations
  7227 | D:5      | Noticed Menkaure
  7231 | D:5      | Killed Menkaure
  7430 | D:5      | Found a shimmering blue altar of Sif Muna.
  7448 | D:5      | Noticed Blork the orc
  8677 | D:6      | Noticed Dowan
  9137 | D:6      | Identified the +2 rapier "Lohybos" {drain, rC++ Str+4
                  | Stlth-}
  9154 | D:6      | Found a runed translucent gate.
  9154 | D:6      | Found a runed translucent gate.
  9154 | D:6      | Found a runed translucent gate.
  9186 | D:6      | Found a runed translucent door.
  9187 | D:6      | Noticed Crazy Yiuf
  9211 | D:6      | Killed Crazy Yiuf
  9270 | D:6      | Reached XP level 9. HP: 64/64 MP: 13/13
  9280 | D:6      | Noticed Duvessa
  9298 | D:6      | Killed Duvessa
  9299 | D:6      | Reached skill level 5 in Throwing
  9329 | D:6      | Killed Dowan
  9604 | D:6      | Noticed Yaksher's ghost (novice TrBe)
 11011 | D:7      | Found a staircase to the Ecumenical Temple.
 11032 | D:7      | Reached skill level 5 in Evocations
 11037 | D:7      | Reached **** piety under Lugonu
 11047 | D:7      | Noticed Maggie
 11066 | D:7      | Reached skill level 9 in Armour
 11066 | D:7      | Reached XP level 10. HP: 5/67 MP: 13/15
 11066 | D:7      | Mangled by Maggie

Illustrated notes

Levels and vault maps discovered:
D:1:      nicolae_arrival_washed_ashore, layout_basic,
          shapermc_ecumenical_altar_mp_ritualfount
D:2:      layout_basic, serial_shops, nicolae_shop_statue_plus,
          minmay_hedge_maze, minmay_hexomino_p4, uniq_natasha, uniq_robin
D:3:      layout_loops_ring, minmay_unequal, uniq_jessica, uniq_sigmund,
          uniq_grinder
D:4:      layout_basic, regret_index_temple_of_mockery
D:5:      layout_gridville, mainiacjoe_overflow_alcove_4, uniq_menkaure,
          uniq_blork_the_orc
D:6:      layout_basic, gammafunk_ghost_icy, serial_bayou_pond_b,
          uniq_crazy_yiuf_cottage, uniq_duvessa
D:7:      layout_basic, lemuel_coloured_pillars_altar,
          nicolae_overflow_hidden_temple, minmay_temple_entry_mist,
          minmay_between, uniq_maggie

Skill      XL: |  1  2  3  4  5  6  7  8  9 |
---------------+----------------------------+-----
Dodging        | 3 |  3.0
Stealth        | 1 2 3 4 |  4.0
Throwing       | 1 2 3 4 5 |  5.6
Armour         | 1 2 3 9 |  9.3
Long Blades    | 3 |  3.5
Invocations    | 3 4 5 6 |  6.7
Evocations     | 1 2 4 5 |  5.0
Short Blades   | 3 4 |  4.9
Fighting       | |  3.6

Action                   |  1- 3 |  4- 6 |  7- 9 | 10-12 || total
-------------------------+-------+-------+-------+-------++-------
Melee: Falchion          |   107 |   128 |   169 |       ||   404
       Short sword       |       |       |   146 |       ||   146
       Dagger            |       |       |    43 |       ||    43
Throw: Dart              |       |    32 |    67 |       ||    99
Invok: Depart the Abyss  |     1 |       |       |       ||     1
       Bend Space        |       |       |     3 |       ||     3
Evoke: Wand              |     2 |     7 |     9 |       ||    18
  Use: Potion            |     1 |     2 |     6 |       ||     9
 Stab: Sleeping          |     2 |       |     4 |       ||     6
       Distracted        |       |     1 |     1 |       ||     2
Armor: Leather armour    |    18 |       |       |       ||    18
       Ring mail         |     7 |    45 |   140 |       ||   192
       Skin              |     4 |       |       |       ||     4
Dodge: Dodged            |    64 |    68 |   203 |       ||   335
       Rpst.: Falchion   |    18 |    15 |    33 |       ||    66
